 Dungeon Crawl Stone Soup version 0.31-a0-149-g3fdcc5976a (webtiles) character file.

Game seed: 7066115498524538278

111 qw the Shooter (level 4, -5/38 HPs)
             Began as a Minotaur Hunter on June 7, 2023.
             Killed from afar by an orc wizard (9 damage)
             ... with a puff of flame
             ... on level 3 of the Dungeon.
             The game lasted 00:00:54 (1812 turns).

qw the Shooter (Minotaur Hunter)                    Turns: 1812, Time: 00:00:55

Health: -5/38      AC:  4    Str: 16    XL:     4   Next: 62%
Magic:  3/3        EV: 12    Int:  6    God:
Gold:   89         SH:  0    Dex: 15    Spells: 3/3 levels left

rFire   . . .        Y - +0 shortbow
rCold   . . .        (shield currently unavailable)
rNeg    . . .        c - +0 leather armour
rPois   .            (helmet restricted)
rElec   .            (no cloak)
rCorr   .            (no gloves)
SInv    .            e - +0 pair of boots
Will    .....        (no amulet)
Stlth   +            (no ring)
HPRegen 0.26/turn    (no ring)
MPRegen 0.08/turn

%: no passive effects
@: no status effects
A: horns 2, retaliatory headbutt
a: no special abilities


You were on level 3 of the Dungeon.
You visited 1 branch of the dungeon, and saw 3 of its levels.

You collected 89 gold pieces.


Innate Abilities, Weirdness & Mutations

You have a pair of horns on your head.
You reflexively headbutt those who attack you in melee.


   Skills:
 + Level 3.3 Fighting
 - Level 6.0 Ranged Weapons
 - Level 1.8 Armour
 - Level 2.1 Dodging
 - Level 0.7 Stealth


You had 3 spell levels left.
You didn't know any spells.
Your spell library was empty.

Inventory:

Hand Weapons
 Y - a +0 shortbow (weapon)
Armour
 c - a +0 leather armour (worn)
 e - a +0 pair of boots (worn)
Scrolls
 i - a scroll of identify
Potions
 a - a potion of berserk rage {unknown}
 d - 3 potions of curing
 l - a potion of haste {unknown}

Dungeon Overview and Level Annotations

Branches:
Dungeon (3/15)

Altars:


Message History

Something completely misses you.
You hear some strange, mumbled words.
Something tries to affect you, but you resist.
You shoot an arrow.
You hear some strange, mumbled words.
A puff of flame appears from out of thin air!
The puff of flame hits you.
You shoot an arrow.
You hear the rusting of a very distant drain.
Something hits you.
You shoot an arrow. Something hits you.
You shoot an arrow.
You feel less confused.
An orc wizard appears from thin air!
Reactivating autopickup.
The orc wizard hits you but does no damage.
You shoot an arrow.
The arrow completely misses the orc wizard.
The orc wizard hits you with a +0 dagger.
You shoot an arrow. The arrow barely misses the orc wizard.
The orc wizard hits you but does no damage.
You shoot an arrow.
The arrow closely misses the orc wizard.
The orc wizard hits you but does no damage.
You shoot an arrow.
The arrow hits the orc wizard but does no damage.
The orc wizard is moderately wounded.
The orc wizard hits you with a +0 dagger.
The orc wizard casts a spell at you.
You are confused.
1811 ||| DRINKING 4 potions of curing.
You feel better.
1811 ||| (to cure confusion)
The orc wizard points at you and mumbles some strange words.
The magic dart hits you!
You shoot an arrow. The arrow hits the orc wizard.
The orc wizard is heavily wounded.
The orc wizard points at you and mumbles some strange words.
The puff of flame hits you!
You die...

#.......#####.g....#.#
#.###. ######.##
####.....###.# #
#.##### ##......#.##
#.....## #..#.#....#
#####..# #..#.#.......
##.####...#.........
#...%..#...........
##..#####.......>..
#@.# ##.........
?.....o)).# #..#......
..........# ##...##...
.?........#
..........#
..........#
...........
............


You could see an orc wizard.

Vanquished Creatures
  An iguana (D:3)
  2 adders (D:2)
  An ufetubus (D:3)
  2 worms
  3 orcs (D:3)
  A bat (D:2)
  4 endoplasms
  5 giant cockroaches
  6 goblins
  3 hobgoblins
  3 quokkas
  9 ball pythons
  3 frilled lizards
  5 kobolds
  A rat (D:1)
49 creatures vanquished.

Notes
Turn   | Place    | Note
-------+----------+-------------------------------------------
     0 | D:1      | qw the Minotaur Hunter began the quest for the Orb.
     0 | D:1      | Reached XP level 1. HP: 18/18 MP: 0/0
     0 | D:1      | 0 ||| qw: Version: 0.2-a-117-gc6b5c8b
     0 | D:1      | 0 ||| qw: Game counter: 2607
     0 | D:1      | 0 ||| qw: Always use a shield: true
     0 | D:1      | 0 ||| qw: God list: Okawaru
     0 | D:1      | 0 ||| qw: Allow faded altars: false
     0 | D:1      | 0 ||| qw: Do Orc after D:15 true
     0 | D:1      | 0 ||| qw: Do second Lair branch before Depths: true
     0 | D:1      | 0 ||| qw: Lair rune preference: random
     0 | D:1      | 0 ||| qw: Plans: Normal
     0 | D:1      | 0 ||| PLANNING D:1-11
   345 | D:1      | Reached XP level 2. HP: 23/25 MP: 1/1
   358 | D:1      | Reached skill level 5 in Ranged Weapons
   841 | D:1      | Reached skill level 3 in Fighting
   877 | D:1      | 877 ||| UPGRADING to +0 pair of boots.
   882 | D:1      | 882 ||| READING scroll labelled NUURAM GUKK.
   883 | D:1      | 883 ||| DRINKING 4 purple potions.
   884 | D:1      | 884 ||| DROPPING scroll of butterflies.
  1027 | D:2      | Reached XP level 3. HP: 31/31 MP: 2/2
  1449 | D:2      | 1449 ||| DROPPING +6 ring of intelligence.
  1450 | D:2      | 1450 ||| READING scroll labelled XAMUHA QENTIY.
  1451 | D:2      | 1451 ||| READING scroll labelled XUNIUN VOGUELYN.
  1452 | D:2      | 1452 ||| READING scroll labelled QIULEVOHANN.
  1453 | D:2      | 1453 ||| READING scroll labelled YLUNEATHOU.
  1454 | D:2      | 1454 ||| READING scroll labelled ZEGAGI IGUCVI.
  1456 | D:2      | 1456 ||| Stepping ~*~*~tactically~*~*~ (cloud).
  1604 | D:3      | 1604 ||| PLANNING SEWER
  1650 | D:3      | Reached XP level 4. HP: 22/38 MP: 3/3
  1652 | D:3      | 1652 ||| FLEEEEING.
  1654 | D:3      | 1654 ||| FLEEEEING.
  1656 | D:3      | 1656 ||| FLEEEEING.
  1657 | D:3      | 1657 ||| FLEEEEING.
  1658 | D:3      | 1658 ||| FLEEEEING.
  1663 | D:3      | 1663 ||| FLEEEEING.
  1667 | D:3      | 1667 ||| FLEEEEING.
  1668 | D:3      | 1668 ||| FLEEEEING.
  1669 | D:3      | 1669 ||| FLEEEEING.
  1672 | D:3      | 1672 ||| FLEEEEING.
  1673 | D:3      | 1673 ||| FLEEEEING.
  1674 | D:3      | 1674 ||| FLEEEEING.
  1675 | D:3      | 1675 ||| FLEEEEING.
  1676 | D:3      | 1676 ||| STAIRDANCE
  1717 | D:3      | Reached skill level 6 in Ranged Weapons
  1740 | D:3      | Reached skill level 1 in Armour
  1804 | D:3      | HP: 9/38 [something (1)]
  1810 | D:3      | HP: 4/38 [orc wizard/+0 dagger (3)]
  1811 | D:3      | 1811 ||| DRINKING 4 potions of curing.
  1811 | D:3      | 1811 ||| (to cure confusion)
  1812 | D:3      | Killed from afar by an orc wizard

Levels and vault maps discovered:
D:1:      minmay_arrival_nine_rooms, layout_basic
D:2:      minmay_spotlight, layout_basic, st_stairs_4
D:3:      layout_rooms, cheibrodos_sewer_entry_sluice,
          biasface_ghost_orc_armoury

Skill      XL: |  1  2  3  4 |
---------------+-------------+-----
Ranged Weapons | 5 6 |  6.0
Fighting       | 3 |  3.3
Armour         | 1 |  1.8
Dodging        | |  2.1
Stealth        | |  0.7

Action                     |  1- 3 |  4- 6 || total
---------------------------+-------+-------++-------
   Fire: Shortbow          |   118 |    43 ||   161
    Use: Scroll            |     6 |       ||     6
         Potion            |     1 |     1 ||     2
 Armour: Leather armour    |     6 |    11 ||    17
  Dodge: Dodged            |    11 |    16 ||    27

Table legend:
 A = Non-vault XP
 B = Vault XP
 C = Vault XP percentage of total XP
 D = Non-vault monster count
 E = Vault monster count
 F = Vault count percentage of total count
                 A         B        C        D         E       F
            +---------+---------+-------+---------+---------+-------
      Total |     133 |      26 |  16.4 |      41 |       8 |  16.3
            +---------+---------+-------+---------+---------+-------
        D:1 |      29 |       0 |   0.0 |      18 |       0 |   0.0
        D:2 |      39 |      26 |  40.0 |      14 |       8 |  36.4
        D:3 |      65 |       0 |   0.0 |       9 |       0 |   0.0
            +---------+---------+-------+---------+---------+-------
